 Dungeon Crawl Stone Soup version 0.25-a0-353-ged6d547 (webtiles) character file.

Game seed: 18439876163691628363, levelgen mode: deterministic

2777 Birdy the Twirler (level 9, -3/47 HPs)
             Began as a Vine Stalker Gladiator on Jan 3, 2020.
             Was a Follower of Wu Jian.
             Slain by an orc warrior
             ... wielding a +0 short sword
              (11 damage)
             ... on level 7 of the Dungeon.
             The game lasted 00:17:47 (6100 turns).

Birdy the Twirler (Vine Stalker Gladiator)          Turns: 6100, Time: 00:17:47

Health: -3/47      AC: 11    Str: 16    XL:     9   Next: 70%
Magic:  0/15       EV: 15    Int:  8    God:    Wu Jian [*.....]
Gold:   272        SH:  0    Dex: 20    Spells: 14/14 levels left

rFire    + . .     SeeInvis +   a - +0 quarterstaff
rCold    . . .     Gourm    .   (shield currently unavailable)
rNeg     + . .     Faith    .   v - +3 leather armour of Filth {rPois rF+ SInv}
rPois    +         Spirit   +   n - +1 helmet
rElec    +         Reflect  .   (no cloak)
rCorr    .         Harm     .   o - +0 pair of gloves
MR       +....                  q - +0 pair of boots
Stlth    +++.......             x - amulet "Jaojuipe" {Fragile +Rage rElec rN+}
HPRegen  0.55/turn              (no ring)
MPRegen  0.14/turn              (no ring)

@: no status effects
A: fangs 3, regeneration 1, magic shield, antimagic bite, no potion heal 3, rot
immunity
a: Renounce Religion, Evoke Berserk Rage


You were on level 7 of the Dungeon.
You worshipped Wu Jian.
Wu Jian was aware of your devotion.
You were not hungry.

You visited 2 branches of the dungeon, and saw 8 of its levels.

You collected 272 gold pieces.

Inventory:

Hand Weapons
 a - a +0 quarterstaff (weapon)
 c - a +5 great sword
Missiles
 d - 3 throwing nets (quivered)
Armour
 n - a +1 helmet (worn)
 o - a +0 pair of gloves (worn)
 q - a +0 pair of boots (worn)
 v - the +3 leather armour of Filth (worn) {rPois rF+ SInv}
   (You found it on level 4 of the Dungeon)

   It protects you from fire.
   It protects you from poison.
   It lets you see invisible.
Jewellery
 x - the amulet "Jaojuipe" (around neck) {Fragile +Rage rElec rN+}
   (You found it on level 6 of the Dungeon)

   [amulet of rage]

   It insulates you from electricity.
   It protects you from negative energy.
   It lets you go berserk.
   It will be destroyed if unequipped.
Wands
 m - a wand of polymorph (18)
 r - a wand of iceblast (4)
 w - a wand of flame (18)
Scrolls
 b - a scroll of immolation {unknown}
 g - 2 scrolls of enchant armour
 h - 3 scrolls of magic mapping
 j - 4 scrolls of remove curse
 k - 2 scrolls of teleportation
 l - 2 scrolls of blinking
 s - 6 scrolls of fear
 u - a scroll of amnesia {unknown}
Potions
 e - a potion of brilliance
 i - a potion of magic {unknown}
 p - 3 potions of curing
 t - a potion of berserk rage {unknown}
Comestibles
 f - 13 rations
 z - 12 chunks of flesh


   Skills:
 + Level 5.0 Fighting
 * Level 2.3 Long Blades
 - Level 6.9 Staves
 - Level 1.7 Throwing
 + Level 4.2 Armour
 + Level 5.0 Dodging
 + Level 4.7 Stealth
 + Level 3.3 Spellcasting


You had 14 spell levels left.
You didn't know any spells.
Your spell library contained the following spells:

 Spells                   Type           Power        Failure   Level  Hunger
 Magic Dart               Conj           #...         36%         1    ##.....
 Blink                    Tloc           N/A          50%         2    ###....
 Call Imp                 Summ           #.......     50%         2    ###....
 Slow                     Hex            #.......     50%         2    ###....
 Conjure Flame            Conj/Fire      #.......     73%         3    ####...
 Mephitic Cloud           Conj/Pois/Air  #.......     73%         3    ####...


Dungeon Overview and Level Annotations

Branches:
Dungeon (7/15)             Temple (1/1) D:4

Altars:
Ashenzari
Cheibriados
Dithmenos
Elyvilon
Fedhas
Gozag
Hepliaklqana
Kikubaaqudgha
Makhleb
Nemelex Xobeh
Okawaru
Qazlal
Ru
Sif Muna
Trog
Uskayaw
Vehumet
Wu Jian
Xom
Yredelemnul
Zin
The Shining One


Innate Abilities, Weirdness & Mutations

You have razor-sharp teeth.
Your natural rate of healing is unusually fast.
When hurt, damage is shared between your health and your magic reserves.
Your bite disrupts and absorbs the magic of your enemies.
Potions cannot restore your health.
You are immune to rotting.


Message History

The orc warrior hits you with a +0 short sword!
The orc hits you but does no damage.
Unknown command.
Unknown command.
You lunge at the orc warrior.
You hit the orc warrior but do no damage.
The orc warrior is severely wounded.
The orc hits you with a +0 flail.
* * * LOW HITPOINT WARNING * * *
The orc warrior hits you with a +0 short sword.
* * * LOW HITPOINT WARNING * * *
You spin and attack the orc warrior.
You hit the orc warrior but do no damage.
Your bite misses the orc warrior.
The orc warrior is severely wounded.
You spin and attack the orc.
You hit the orc.
You kill the orc!
The Council accepts your kill.
The orc warrior hits you with a +0 short sword!
You die...

# #..........#### #.
#.............. #.
#...........#..
###.########.#......#.#
#......#####..........
###..............####.#.
.......).........# .#
.##....o).......##
#.....@.......#
#.............#
#................
############..... ......
#########...... ....
#.......########.# ..#.#
##.......#.........
####.#.#
#........#.#####.##


You could see an orc warrior (pinned).

Vanquished Creatures
  A hungry ghost (D:7)
  2 orc warriors
  3 ogres
  A phantom (D:6)
  2 centaurs
  2 bullfrogs
  2 scorpions
  8 wights
  2 howler monkeys
  2 crimson imps (D:5)
  A centaur zombie (D:6)
  5 jellies
  6 orc priests
  4 hounds
  A centaur skeleton (D:6)
  Natasha (thrice) (D:2)
  7 orc wizards
  4 worker ants (D:4)
  A hound zombie (D:7)
  2 hound skeletons
  2 worker ant zombies
  Robin (D:2)
  7 adders
  A gnoll (D:1)
  A howler monkey skeleton (D:4)
  12 oozes
  An adder zombie (D:6)
  An adder skeleton (D:7)
  4 worms
  A dart slug (D:2)
  7 leopard geckos
  28 orcs
  8 bats
  7 giant cockroaches
  12 goblins
  7 hobgoblins
  7 jackals
  15 kobolds
  3 quokkas
  2 ball pythons
  5 frilled lizards
  6 rats
197 creatures vanquished.

Vanquished Creatures (others)
  A fungus (D:2)
  6 toadstools (D:2)
7 creatures vanquished.

Grand Total: 204 creatures vanquished

Notes
Turn   | Place    | Note
-------+----------+-------------------------------------------
     0 | D:1      | Birdy the Vine Stalker Gladiator began the quest for the
                  | Orb.
     0 | D:1      | Reached XP level 1. HP: 11/11 MP: 2/2
   183 | D:1      | Reached skill level 3 in Staves
   183 | D:1      | Reached XP level 2. HP: 8/15 MP: 3/3
   571 | D:1      | Reached XP level 3. HP: 18/18 MP: 4/4
   875 | D:1      | Found a sparkling altar of Nemelex Xobeh.
  1144 | D:2      | Reached skill level 1 in Armour
  1181 | D:2      | Noticed Natasha
  1189 | D:2      | Killed Natasha
  1189 | D:2      | Gained mutation: Your natural rate of healing is unusually
                  | fast. [Vine Stalker growth]
  1189 | D:2      | Reached XP level 4. HP: 21/23 MP: 5/5
  1206 | D:2      | Noticed Robin
  1239 | D:2      | Killed Robin
  1441 | D:2      | Reached XP level 5. HP: 27/27 MP: 6/6
  1557 | D:2      | Noticed Natasha
  1561 | D:2      | Killed Natasha
  1571 | D:2      | Reached skill level 4 in Staves
  1677 | D:2      | Reached XP level 6. HP: 29/32 MP: 4/7
  1782 | D:2      | Noticed Natasha
  1796 | D:2      | Killed Natasha
  1954 | D:2      | HP: 1/32 [acid (8)]
  2080 | D:2      | Reached XP level 7. HP: 21/36 MP: 3/8
  2201 | D:3      | You fall into a shaft and drop 2 floors!
  2201 | D:5      | Entered Level 5 of the Dungeon
  2217 | D:5      | Found a radiant altar of Vehumet.
  2241 | D:5      | Reached skill level 5 in Staves
  2249 | D:5      | Found a sacrificial altar of Ru.
  2535 | D:5      | Found a basalt altar of Yredelemnul.
  3483 | D:3      | Found a burning altar of Makhleb.
  3483 | D:3      | Found a hazy altar of Hepliaklqana.
  3489 | D:3      | Found a white marble altar of Elyvilon.
  3491 | D:3      | Found a stormy altar of Qazlal.
  3492 | D:3      | Found a shattered altar of Ashenzari.
  3616 | D:4      | Reached skill level 1 in Stealth
  3616 | D:4      | Gained mutation: You have razor-sharp teeth. [Vine Stalker
                  | growth]
  3616 | D:4      | Reached XP level 8. HP: 42/42 MP: 9/9
  3793 | D:4      | Found a staircase to the Ecumenical Temple.
  3812 | Temple   | Entered the Ecumenical Temple
  4018 | Temple   | Became a worshipper of the Wu Jian Council
  4152 | D:4      | Got a spiked leather armour
  4165 | D:4      | Identified the +3 leather armour of Filth {rPois rF+ SInv}
                  | (You found it on level 4 of the Dungeon)
  4249 | D:4      | Reached skill level 1 in Spellcasting
  4437 | D:4      | Reached skill level 6 in Staves
  4953 | D:6      | Found a sparkling altar of Nemelex Xobeh.
  5128 | D:6      | Reached * piety under Wu Jian
  5219 | D:6      | Reached XP level 9. HP: 46/46 MP: 13/13
  5545 | D:6      | Got a fine zirconium amulet
  5757 | D:6      | Identified the amulet "Jaojuipe" {Fragile +Rage rElec rN+}
                  | (You found it on level 6 of the Dungeon)
  5791 | D:7      | Reached skill level 1 in Long Blades
  5991 | D:7      | Reached skill level 5 in Fighting
  6013 | D:7      | Reached skill level 5 in Dodging
  6100 | D:7      | Slain by an orc warrior

Levels and vault maps discovered:
D:1:      wander_arrival_chamber, layout_basic, minmay_misc_feat_room,
          chequers_serial_rivers_micro_c, nemelex_diamond_rough_becter
D:2:      cheibrodos_fertilizer, layout_loops_cross, uniq_robin, uniq_natasha
D:3:      layout_loops_ring, chequers_temple_overflow_minitemple
D:4:      layout_basic, temple_fountains, minmay_quadrilaterals
D:5:      layout_rooms, yredelemnul_altar_generic, vehumet_crystals,
          first_ration, nicolae_ru_the_path_less_chosen
D:6:      layout_basic, nemelex_dance_club_becter
D:7:      layout_basic, dk_rats_in_the_wall
Temple:   regret_index_temple_generic_petals

Skill      XL: |  1  2  3  4  5  6  7  8  9 |
---------------+----------------------------+-----
Fighting       | 2 3 4 5 |  5.0
Staves         | 3 4 5 6 |  6.9
Armour         | 1 2 3 4 |  4.2
Dodging        | 3 4 5 |  5.0
Stealth        | 1 3 4 |  4.7
Spellcasting   | 2 3 |  3.3
Long Blades    | 2 |  2.3
Throwing       | |  1.7

Action                   |  1- 3 |  4- 6 |  7- 9 || total
-------------------------+-------+-------+-------++-------
Melee: Quarterstaff      |    51 |   182 |   437 ||   670
       Bite              |    15 |    55 |   165 ||   235
Invok: Lunge             |       |       |    27 ||    27
       Whirlwind         |       |       |    15 ||    15
  Use: Scroll            |     2 |       |     5 ||     7
       Potion            |       |     5 |       ||     5
 Stab: Sleeping          |     1 |       |    10 ||    11
  Eat: Chunk             |       |     3 |    18 ||    21
Armor: Leather armour    |    21 |    40 |   104 ||   165
       Skin              |       |     9 |       ||     9
Dodge: Dodged            |    45 |    97 |   268 ||   410

Table legend:
 A = Non-vault XP
 B = Vault XP
 C = Vault XP percentage of total XP
 D = Non-vault monster count
 E = Vault monster count
 F = Vault count percentage of total count
                 A         B        C        D         E       F
            +---------+---------+-------+---------+---------+-------
      Total |    3506 |     462 |  11.6 |     166 |      31 |  15.7
            +---------+---------+-------+---------+---------+-------
        D:1 |      44 |       0 |   0.0 |      15 |       0 |   0.0
        D:2 |     339 |     260 |  43.4 |      35 |      26 |  42.6
        D:3 |      66 |       0 |   0.0 |      20 |       0 |   0.0
        D:4 |     628 |      77 |  10.9 |      25 |       3 |  10.7
        D:5 |     448 |       0 |   0.0 |      21 |       0 |   0.0
        D:6 |    1038 |     125 |  10.7 |      29 |       2 |   6.5
        D:7 |     943 |       0 |   0.0 |      21 |       0 |   0.0
            +---------+---------+-------+---------+---------+-------
